 Dungeon Crawl Stone Soup version 0.28.0 (webtiles) character file.

Game seed: 1824974599151151162

145 Minsecho the Skirmisher (level 5, -7/57 HPs)
             Began as an Ogre Berserker on Feb 15, 2022.
             Was a Believer of Trog.
             Mangled by a gnoll (9 damage)
             ... on level 4 of the Dungeon.
             The game lasted 00:03:16 (2771 turns).

Minsecho the Skirmisher (Ogre Berserker)            Turns: 2771, Time: 00:03:17

Health: -7/57      AC:  4    Str: 21    XL:     5   Next: 27%
Magic:  5/5        EV: 10    Int: 14    God:    Trog [**....]
Gold:   86         SH:  0    Dex: 10    Spells: 4/4 levels left

rFire   . . .      SeeInvis .   h - +0 broad axe
rCold   . . .      Faith    .   (no shield)
rNeg    . . .      Spirit   .   b - +0 animal skin
rPois   +          Reflect  .   (helmet restricted)
rElec   .          Harm     .   f - +0 cloak
rCorr   .          Rampage  .   (gloves unavailable)
Will    .....                   (boots unavailable)
Stlth   +.........              j - amulet of regeneration
HPRegen 0.99/turn               e - ring of poison resistance
MPRegen 0.09/turn               r - +6 ring of intelligence

@: no status effects
A: large, unfitting armour, tough skin 1
a: Renounce Religion, Berserk, Trog's Hand


You were on level 4 of the Dungeon.
You worshipped Trog.
Trog was pleased with you.
You visited 1 branch of the dungeon, and saw 4 of its levels.

You collected 86 gold pieces.

Inventory:

Hand Weapons
 a - a +0 mace
 h - a +0 broad axe (weapon)
 p - a +0 morningstar
Armour
 b - a +0 animal skin (worn)
 f - a +0 cloak (worn)
Jewellery
 e - a ring of poison resistance (left hand)
 j - an amulet of regeneration (around neck)
 r - a +6 ring of intelligence (right hand)
 t - a ring of ice
Scrolls
 c - 2 scrolls of teleportation
 g - a scroll of summoning
 l - a scroll of enchant weapon {unknown}
 n - a scroll of fear {unknown}
 o - a scroll of amnesia {unknown}
 q - a scroll of identify {unknown}
Potions
 d - 2 potions of heal wounds {unknown}
 i - 4 potions of attraction {unknown}
 k - a potion of mutation {unknown}
 m - a potion of curing
 s - a potion of degeneration {unknown}


   Skills:
 + Level 5.4 Fighting
 + Level 1.6(2.9) Axes
 + Level 3.2(3.4) Maces & Flails
 + Level 3.7 Dodging


You had 4 spell levels left.
You didn't know any spells.
Your spell library was empty.

Dungeon Overview and Level Annotations

Branches:
Dungeon (4/15)
 Temple: D:4-7

Altars:

Shops:
D:1 :


Innate Abilities, Weirdness & Mutations

You are too large for most types of armour.
You have tough skin. (AC +1)


Message History

There are monsters nearby!
There are monsters nearby!
You hit the hobgoblin.
You kill the hobgoblin!
Trog accepts your kill.
A gnoll comes into view. It is wielding a +0 whip.
The gnoll shouts!
You hit the gnoll.
The gnoll is moderately wounded.
The gnoll falls through a shaft!
The shaft crumbles and collapses.
The gnoll throws a throwing net.
The throwing net hits you.
You become entangled in the net!
The gnoll hits you with a +0 whip!
A gnoll comes into view. It is wielding a +0 spear.
You tear a large gash into the net.
The gnoll shaman calls upon its god to heal the gnoll.
The gnoll's wounds heal themselves!
The gnoll hits you with a +0 flail! The gnoll hits you with a +0 whip.
You hear a shout!
You struggle against the net.
The gnoll hits you with a +0 flail. The gnoll hits you with a +0 whip.
The dart slug bites you.
You rip the net and break free!
The gnoll shaman calls upon its god to speed up the gnoll.
The gnoll seems to speed up.
The gnoll barely misses you. The gnoll hits you with a +0 whip.
A hound skeleton comes into view.
The dart slug closely misses you.
You closely miss the gnoll. You slash the gnoll! You slash the dart slug!
The gnoll hits you with a +0 flail. The gnoll hits you with a +0 whip.
The gnoll shaman closely misses you. The gnoll hits you with a +0 whip.
The gnoll hits you with a +0 flail!
* * * LOW HITPOINT WARNING * * *
Okay, then.
The dart slug bites you.
* * * LOW HITPOINT WARNING * * *
The gnoll shaman hits you with a +0 whip.
* * * LOW HITPOINT WARNING * * *
The gnoll hits you with a +0 whip.
* * * LOW HITPOINT WARNING * * *
The gnoll hits you with a +0 flail!
You die...

..## ..#. #....
##... ####.
...... ......
......# #......
......w#...#
.....gg@†..#
......gg.......
#..............
.......#.......
##.Z.## ......$
#.g.# #......
...# ...... ...
).....


You could see a gnoll shaman, 4 gnolls, a dart slug and a hound skeleton.

Vanquished Creatures
  Natasha (thrice) (D:2)
  2 worms (D:2)
  2 dart slugs
  5 orcs (D:3)
  3 ball pythons
  4 endoplasms
  3 giant cockroaches
  9 goblins
  8 hobgoblins
  3 bats (D:1)
  2 frilled lizards
  5 kobolds
  5 rats
54 creatures vanquished.

Notes
Turn   | Place    | Note
-------+----------+-------------------------------------------
     0 | D:1      | Minsecho the Ogre Berserker began the quest for the Orb.
     0 | D:1      | Reached XP level 1. HP: 24/24 MP: 1/1
   187 | D:1      | Found Oti Fov's Book Emporium.
   250 | D:1      | Reached XP level 2. HP: 32/32 MP: 2/2
   511 | D:1      | Reached XP level 3. HP: 36/40 MP: 3/3
   780 | D:2      | Noticed Natasha
   793 | D:2      | Killed Natasha
   794 | D:2      | Reached ** piety under Trog
  1057 | D:2      | Reached skill level 1 in Axes
  1057 | D:2      | Reached XP level 4. HP: 29/49 MP: 4/4
  1187 | D:2      | Noticed Natasha
  1195 | D:2      | Killed Natasha
  1421 | D:2      | Noticed Natasha
  1431 | D:2      | Killed Natasha
  1432 | D:2      | Reached skill level 5 in Fighting
  1432 | D:2      | Reached XP level 5. HP: 21/57 MP: 5/5
  2771 | D:4      | HP: 2/57 [gnoll (4)]
  2771 | D:4      | Mangled by a gnoll

Illustrated notes

Levels and vault maps discovered:
D:1:      dpeg_arrival_fog, layout_rooms, serial_shops, shop, chequers_jeans
D:2:      layout_loops_cross, uniq_natasha
D:3:      layout_loops_ring, solitary_fountain, minmay_surrounded
D:4:      layout_cave_pools, supply_closet_lemuel, kennysheep_generic_room_16,
          uniq_eustachio

Skill      XL: |  1  2  3  4 |
---------------+-------------+-----
Maces & Flails | 3 |  3.2
Dodging        | 3 |  3.7
Axes           | 1 |  1.6
Fighting       | 5 |  5.4

Action                   |  1- 3 |  4- 6 || total
-------------------------+-------+-------++-------
Melee: Mace              |    47 |       ||    47
       Broad axe         |    29 |    73 ||   102
       Punch             |     1 |       ||     1
Invok: Berserk           |     2 |       ||     2
  Use: Scroll            |       |     1 ||     1
Armor: Animal skin       |    45 |    27 ||    72
Dodge: Dodged            |    50 |    26 ||    76
